 Dungeon Crawl Stone Soup version 0.25-a0-665-ga69d64035b (webtiles) character file.

Game seed: 16021765134930264397, levelgen mode: deterministic

14 kae the Gusty (level 2, 0/15 HPs)
             Began as a Tengu Air Elementalist on Mar 26, 2020.
             Slain by a kobold (3 damage)
             ... on level 1 of the Dungeon.
             The game lasted 00:00:33 (389 turns).

kae the Gusty (Tengu Air Elementalist)               Turns: 389, Time: 00:00:33

Health: 0/15       AC:  2    Str:  8    XL:     2   Next: 41%
Magic:  1/6        EV: 12    Int: 15    God:
Gold:   0          SH:  0    Dex: 14    Spells: 4/5 levels left

rFire    . . .     SeeInvis .   (no weapon)
rCold    . . .     Gourm    .   (no shield)
rNeg     . . .     Faith    .   a - +0 robe
rPois    .         Spirit   .   (helmet restricted)
rElec    .         Reflect  .   (no cloak)
rCorr    .         Harm     .   (no gloves)
MR       .....                  (boots unavailable)
Stlth    ++........             (no amulet)
HPRegen  0.05/turn              (no ring)
MPRegen  0.10/turn              (no ring)

@: no status effects
A: beak, talons 3
a: no special abilities


You were on level 1 of the Dungeon.
You were not hungry.

You visited 1 branch of the dungeon, and saw 1 of its levels.

Inventory:

Armour
 a - a +0 robe (worn)
Scrolls
 b - 2 scrolls of identify {unknown}
 d - a scroll of remove curse {unknown}
Comestibles
 c - 2 rations


   Skills:
 - Level 2.1 Dodging
 - Level 2.0 Stealth
 - Level 2.0 Spellcasting
 * Level 3.2 Conjurations
 - Level 4.0 Air Magic


You had 4 spell levels left.
You knew the following spells:

 Your Spells              Type           Power        Failure   Level  Hunger
a - Shock                 Conj/Air       ##..         4%          1    #......

Your spell library contained the following spells:

 Spells                   Type           Power        Failure   Level  Hunger
 Swiftness                Chrm/Air       #.......     14%         2    ###....
 Static Discharge         Conj/Air       ##......     16%         3    ###....
 Airstrike                Air            ##........   38%         4    #####..
 Lightning Bolt           Conj/Air       ##........   80%         5    ######.


Dungeon Overview and Level Annotations

Branches:
Dungeon (1/15)

Altars:


Innate Abilities, Weirdness & Mutations

You have a beak for a mouth.
You have claws for feet.


Message History

You barely miss the kobold. The kobold barely misses you.
You closely miss the kobold. Your kick misses the kobold. The kobold hits you.
You hit the kobold.
The kobold is moderately wounded.
The kobold hits you.
* * * LOW HITPOINT WARNING * * *
You hit the kobold but do no damage. Your kick misses the kobold.
The kobold is moderately wounded.
The kobold closely misses you.
Casting: Shock (safe; 4% risk of failure)
Confirm with . or Enter, or press ? or * to list all spells.
Aiming: Shock (safe; 4% risk of failure)
Press: ? - help, Shift-Dir - straight line, f - kobold
Aim: a kobold (moderately wounded)
The zap misses the kobold.
The kobold closely misses you.
A rat comes into view.
The kobold barely misses you.
A rat comes into view.
The kobold hits you.
You die...

#..# .# # +.... #.##
#.# .# .# ####8 #.# #.#
#.# #.. #≈♣ #.# #.#
##.##.# ## #.#
#.###..#.# #.#
#.##.....# #.# #.#
#.##.## .
#.#####.###.....###....
#.#...#......#K@......r
#......####.##.##.####.
#......# #.##.# #
##.....# #)##.# ##...##
#.##.# ##.## #.##.. #.#
#.#### #.# #.# #.# #.#


You could see a kobold and a rat (wandering).

Vanquished Creatures
  An adder zombie (D:1)
  A hobgoblin (D:1)
  2 bats (D:1)
  A frilled lizard (D:1)
  2 goblins (D:1)
  A kobold (D:1)
  A leopard gecko zombie (D:1)
  4 rats (D:1)
13 creatures vanquished.

Notes
Turn   | Place    | Note
-------+----------+-------------------------------------------
     0 | D:1      | kae the Tengu Air Elementalist began the quest for the Orb.
     0 | D:1      | Reached XP level 1. HP: 10/10 MP: 4/4
   157 | D:1      | Reached XP level 2. HP: 13/15 MP: 0/6
   389 | D:1      | Slain by a kobold

Levels and vault maps discovered:
D:1:      saegor_arrival_fortress, layout_loops_ring, corexii_leaking_fountain

Skill      XL: |  1  2 |
---------------+-------+-----
Conjurations   | 2 3 |  3.2
Dodging        | |  2.1
Stealth        | |  2.0
Spellcasting   | |  2.0
Air Magic      | |  4.0

Action                   || total
-------------------------++-------
Melee: Unarmed           ||    28
       Kick              ||     4
       Peck              ||     3
 Cast: Shock             ||    22
Armor: Robe              ||     3
Dodge: Dodged            ||    26

Table legend:
 A = Non-vault XP
 B = Vault XP
 C = Vault XP percentage of total XP
 D = Non-vault monster count
 E = Vault monster count
 F = Vault count percentage of total count
                 A         B        C        D         E       F
            +---------+---------+-------+---------+---------+-------
      Total |      14 |       6 |  30.0 |      11 |       2 |  15.4
            +---------+---------+-------+---------+---------+-------
        D:1 |      14 |       6 |  30.0 |      11 |       2 |  15.4
            +---------+---------+-------+---------+---------+-------
